Map: Ever Dream LE

Players

PrintSC - Winner!

  • Race: Terran Terran
  • League: Master
  • Spawn Location: 1:00

A.I. 1 (Very Easy)

  • Race: Zerg Zerg
  • Spawn Location: 7:00

VOD

Have the link to the VOD?

Description

Time

  • Played on: April 19, 2020, 2:55 p.m.
  • Length: 7:30
Show
View Real Time Build Order
Export as new Build Order

PrintSC Terran - Winner!

Build Orders: Hellion Opening, Reaper Expand 

Get SALT Encoding   

  12  0:01  SCV  
  13  0:13  SCV  
  14  0:17  Supply Depot  
  14  0:25  SCV  
  15  0:39  SCV  
  15  0:41  Barracks  
  16  0:44  Refinery  
  16  0:51  SCV  
  17  1:03  SCV  
  18  1:15  SCV  
  19  1:32  Orbital Command  
  19  1:34  Reaper  
  20  1:40  Command Center  
  20  1:49  Supply Depot  
  20  1:53  Refinery  
  20  2:00  SCV  
  21  2:06  Marine  
  22  2:12  SCV  
  23  2:16  Factory  
  23  2:25  Barracks Reactor  
  23  2:35  SCV  
  24  2:48  SCV  
  25  2:52  Orbital Command  
  25  3:04  Starport  
  25  3:06  Hellion x2, SCV  
  25  3:11  Marine  
  31  3:19  SCV x2  
  33  3:27  Hellion x2  
  33  3:30  Barracks Tech Lab  
  33  3:31  SCV  
  38  3:36  SCV, Supply Depot  
  39  3:42  Fusion Core  
  39  3:43  SCV  
  40  3:48  SCV  
  40  3:55  SCV  
  42  3:58  Hellion x2  
  42  4:00  SCV, Supply Depot  
  47  4:07  SCV  
  48  4:12  SCV  
  49  4:19  SCV  
  50  4:25  Command Center  
  50  4:27  SCV  
  51  4:35  Battlecruiser  
  57  4:39  Hellion  
  57  4:40  SCV  
  57  4:41  SCV  
  61  4:51  Supply Depot  
  61  4:54  SCV  
  61  4:58  Armory  
  62  5:02  Supply Depot  
  62  5:09  Factory  
  62  5:11  Factory  
  62  5:13  Hellion, SCV x2  
  66  5:15  Refinery  
  66  5:16  Supply Depot  
  66  5:19  Refinery  
  66  5:27  SCV x2  
  68  5:31  Weapon Refit  
  68  5:34  Hellion  
  68  5:35  Hellion  
  72  5:38  Orbital Command  
  72  5:50  SCV x2  
  78  5:57  Hellion x2  
  78  5:59  Hellion x2  
  78  6:04  Battlecruiser  
  88  6:07  Supply Depot  
  88  6:12  Orbital Command  
  88  6:16  Supply Depot  
  88  6:17  Supply Depot  
  88  6:18  Factory Tech Lab x2, Supply Depot  
  88  6:19  SCV  
  88  6:20  SCV  
  88  6:23  Hellion  
  92  6:26  Hellion  
  94  6:33  SCV  
  94  6:34  SCV  
  94  6:38  SCV  
  97  6:41  Cyclone  
  97  6:42  Cyclone  
  97  6:46  SCV x2  
  105  6:48  Hellion x2  
  105  6:54  SCV  
  110  6:58  SCV x2  
  112  7:03  Refinery  
  112  7:04  Supply Depot  
  112  7:06  SCV  
  113  7:10  SCV  
  113  7:14  SCV  
  117  7:16  Refinery  
  117  7:18  SCV  
  117  7:19  Supply Depot  
  117  7:21  Supply Depot  
  122  7:22  Supply Depot  
Show
View Real Time Build Order
Export as new Build Order

A.I. 1 (Very Easy) Zerg 

Build Orders: Pool Only 

Get SALT Encoding   

  12  0:01  Drone  
  13  0:12  Overlord  
  13  0:16  Drone  
  14  0:35  Spawning Pool  
  13  0:36  Extractor  
  13  0:39  Drone  
  13  0:47  Drone  
  14  0:52  Overlord  
  14  1:22  Zergling x2  
  14  1:23  Queen  
  17  1:31  Roach Warren  
  16  1:33  Extractor  
  16  1:36  Drone  
  16  1:43  Zergling x2  
  16  1:44  Drone  
  18  1:58  Drone  
  19  2:03  Zergling x2  
  20  2:09  Drone  
  21  2:19  Drone  
  22  2:30  Overlord, Drone  
  23  2:37  Drone  
  24  2:44  Drone  
  25  4:03  Zergling x2  
  25  6:03  Zergling x2  
  23  6:05  Drone  
  23  6:06  Overlord  
  22  6:13  Drone  
  23  6:20  Drone  
  23  6:21  Spawning Pool  
  23  6:24  Overlord  
  19  6:27  Drone  
  16  6:35  Drone  
  10  6:42  Drone  
  5  6:49  Drone  
  2  6:56  Drone  
  2  7:07  Drone  
Tags
 
Add a new tag
Caveats
  • Supply blocks, unpowered buildings, or Contaminate may cause inaccurate times.
  • Supply counts are checked every 10 seconds.